 Dungeon Crawl Stone Soup version 0.31-a0-162-gc4c5a43528 (webtiles) character file.

Game seed: 130482605260323319

26 qw the Shooter (level 3, 0/21 HPs)
             Began as a Gargoyle Hunter on June 12, 2023.
             Frozen to death by an endoplasm (3 damage)
             ... on level 1 of the Dungeon.
             The game lasted 00:00:17 (707 turns).

qw the Shooter (Gargoyle Hunter)                     Turns: 707, Time: 00:00:18

Health: 0/21       AC:  8    Str: 14    XL:     3   Next: 8%
Magic:  3/3        EV: 10    Int:  9    God:
Gold:   74         SH:  0    Dex: 15    Spells: 2/2 levels left

rFire   + . .        Y - +1 shortbow
rCold   . . .        (shield currently unavailable)
rNeg    + . .        j - +0 ring mail
rPois   inf          (no helmet)
rElec   +            (no cloak)
rCorr   .            (no gloves)
SInv    .            (no boots)
Will    .....        f - amulet of the acrobat
Stlth   +            d - ring of protection from fire
HPRegen 0.23/turn    (no ring)
MPRegen 0.08/turn

%: acrobat
@: about to teleport
A: sickness immunity, AC +3, negative energy resistance 1, electricity
resistance, torment resistance 1, petrification resistance
a: no special abilities


You were on level 1 of the Dungeon.
You visited 1 branch of the dungeon, and saw 2 of its levels.

You collected 74 gold pieces.


Innate Abilities, Weirdness & Mutations

You are immune to sickness and miasma.
Your stone body is resilient. (AC +3)
You are immune to poison.
You resist negative energy. (rN+)
You are resistant to electric shocks. (rElec)
You are resistant to unholy torment.
You are immune to petrification.


   Skills:
 - Level 2.1 Fighting
 - Level 4.9 Ranged Weapons
 + Level 0.2 Armour
 - Level 1.5 Dodging
 - Level 1.1 Stealth


You had 2 spell levels left.
You didn't know any spells.
Your spell library was empty.

Inventory:

Hand Weapons
 Y - a +1 shortbow (weapon)
Armour
 j - a +0 ring mail (worn)
Jewellery
 d - a ring of protection from fire (left hand)
 f - an amulet of the acrobat (around neck)
Scrolls
 g - 2 scrolls of teleportation
Potions
 h - a potion of resistance {unknown}
 i - a potion of brilliance {unknown}

Dungeon Overview and Level Annotations

Branches:
Dungeon (2/15)

Altars:


Message History

The arrow hits the giant cockroach but does no damage.
An endoplasm comes into view.
A rat comes into view.
The giant cockroach bites you but does no damage.
You shoot an arrow. The arrow hits the giant cockroach.
You kill the giant cockroach!
You shoot an arrow. The arrow hits the worm.
The worm is lightly wounded.
The endoplasm hits you.
An endoplasm comes into view.
The endoplasm freezes you.
You are frozen.
The worm bites you!
702 ||| STAIRDANCE The endoplasm freezes you.
You are frozen.
The goblin completely misses you.
You climb upwards.
There is a stone staircase leading down here.
Enter note:
Enter note:
Enter note:
Enter note:
Enter note: You shoot an arrow.
The arrow hits the worm.
The worm is lightly wounded.
The endoplasm freezes you.
You are frozen.
The worm bites you but does no damage. The goblin hits you with a +0 club.
705 ||| READING 3 scrolls of teleportation.
As you read the scroll of teleportation, it crumbles to dust.
You feel strangely unstable. The endoplasm completely misses you.
The goblin closely misses you. The worm completely misses you.
You shoot an arrow. The arrow hits the worm!
The worm is heavily wounded.
The endoplasm freezes you.
You are frozen.
The goblin hits you but does no damage.
You shoot an arrow. The arrow hits the worm.
The worm is heavily wounded.
The endoplasm freezes you.
You are frozen.
You die...

...## #...........##..... ....##
###...........##..... ..#..##
#.+...........##.....
..##..#######.#...........#####.#
.P###..#....#.#######'####.......
..####.............?............#
.......#........................#
P..###.#....#.######.#.....##.#..
P..# #.#.......J@g.#.....#.##.#.#
...# #.#.....###.w.#.#.#.#.##.#.#
...# #.#.....# #.....#.#.#....#.#
...# #.....#.###.#.#.#.#.####...#
...#######.#...#.#.#.#.#.# #.###
....%......#.##..........# #.#
...#########.#####.###.######.###
...# #.#................... ...#
#......###)..#####.###


You could see a worm, an endoplasm and a goblin.

Vanquished Creatures
  2 ball pythons (D:1)
  5 endoplasms (D:1)
  2 giant cockroaches
  3 goblins (D:1)
  3 hobgoblins (D:1)
  2 quokkas (D:1)
  3 kobolds (D:1)
  A rat (D:1)
21 creatures vanquished.

Notes
Turn   | Place    | Note
-------+----------+-------------------------------------------
     0 | D:1      | qw the Gargoyle Hunter began the quest for the Orb.
     0 | D:1      | Reached XP level 1. HP: 12/12 MP: 1/1
     0 | D:1      | 0 ||| qw: Version: 0.2-a-29-gc1b59c4
     0 | D:1      | 0 ||| qw: Game counter: 4347
     0 | D:1      | 0 ||| qw: Always use a shield: true
     0 | D:1      | 0 ||| qw: God list: Okawaru
     0 | D:1      | 0 ||| qw: Allow faded altars: false
     0 | D:1      | 0 ||| qw: Do Orc after D:15 true
     0 | D:1      | 0 ||| qw: Do second Lair branch before Depths: true
     0 | D:1      | 0 ||| qw: Lair rune preference: random
     0 | D:1      | 0 ||| qw: Plans: Normal, Zot:1-4, Slime:5, God:TSO, Crypt,
                  | Tomb, Abyss, Pan, Hells, Win
     0 | D:1      | 0 ||| PLANNING D:1-11
   218 | D:1      | Reached XP level 2. HP: 17/17 MP: 2/2
   512 | D:1      | Reached XP level 3. HP: 21/21 MP: 3/3
   526 | D:1      | Found a faded altar of an unknown god.
   666 | D:1      | 666 ||| UPGRADING to +0 ring mail.
   676 | D:1      | 676 ||| DROPPING +0 leather armour.
   677 | D:1      | 677 ||| UPGRADING to amulet of the acrobat.
   682 | D:1      | 682 ||| UPGRADING to ring of protection from fire.
   683 | D:1      | 683 ||| READING scroll labelled COUSSA LOSYR.
   684 | D:1      | 684 ||| READING 4 scrolls labelled MUNIGR CAUT.
   687 | D:1      | 687 ||| DROPPING scroll of butterflies.
   702 | D:2      | 702 ||| STAIRDANCE
   704 | D:1      | HP: 3/21 [goblin/+0 club (3)]
   705 | D:1      | 705 ||| READING 3 scrolls of teleportation.
   707 | D:1      | Frozen to death by an endoplasm

Levels and vault maps discovered:
D:1:      matt_arrival_diagonals, layout_basic,
          shapermc_ecumenical_altar_mp_ritualfount
D:2:      minmay_spotlight, layout_basic, serial_forest,
          infiniplex_forest_end_1, infiniplex_forest_clump_small,
          infiniplex_forest_clump_tiny, infiniplex_forest_clump_tiny,
          infiniplex_forest_clump_long, infiniplex_forest_clump_tiny,
          infiniplex_forest_clump_tiny, infiniplex_forest_end_3, basic_altar

Action                     || total
---------------------------++-------
   Fire: Shortbow          ||    68
    Use: Scroll            ||     3
 Armour: Leather armour    ||     7
         Ring mail         ||     3
  Dodge: Dodged            ||    24

Table legend:
 A = Non-vault XP
 B = Vault XP
 C = Vault XP percentage of total XP
 D = Non-vault monster count
 E = Vault monster count
 F = Vault count percentage of total count
                 A         B        C        D         E       F
            +---------+---------+-------+---------+---------+-------
      Total |      38 |       0 |   0.0 |      21 |       0 |   0.0
            +---------+---------+-------+---------+---------+-------
        D:1 |      36 |       0 |   0.0 |      20 |       0 |   0.0
        D:2 |       2 |       0 |   0.0 |       1 |       0 |   0.0
            +---------+---------+-------+---------+---------+-------
